| TOP OF THE 1ST |
|
Minnesota Twins batting - Pitching for Kansas City Royals : RHP Kevin Martin
|
|
Pitching: RHP Kevin Martin
|
|
|
Batting: LHB Magneuris Sierra
|
0-0: SINGLE (Line Drive, 6D, EV 102.5 MPH)
|
|
Batting: LHB Andy Townsend
|
0-0: Ball Magneuris Sierra steals 2nd base 1-0: Called Strike 1-1: Swinging Strike 1-2: Fly out, F8 (Line Drive, 8RS, EV 89.4 MPH)
|
|
Batting: LHB Raúl Fernández
|
0-0: Ball 1-0: Ball 2-0: Ground out 5-3 (Groundball, 56S, EV 62.5 MPH) Magneuris Sierra to third
|
|
Batting: RHB Gabriel Corporan
|
0-0: Called Strike 0-1: SINGLE (Line Drive, 7S, EV 105.0 MPH) Magneuris Sierra scores
|
|
Batting: RHB Artie Cochran
|
0-0: Foul Ball, location: 2F 0-1: Foul Ball, location: 2F 0-2: Foul Ball, location: 2LF 0-2: Ball 1-2: Foul Ball, location: 3FF 1-2: Ball 2-2: Ground out 5-3 (Groundball, 56S, EV 67.5 MPH)
|
| Top of the 1st over - 1 run, 2 hits, 0 errors, 1 left on base; Minnesota 1 - Kansas City 0 |
| BOTTOM OF THE 1ST |
|
Kansas City Royals batting - Pitching for Minnesota Twins : RHP Rob Williams
|
|
Pitching: RHP Rob Williams
|
|
|
Batting: RHB Jesús Martínez
|
0-0: Called Strike 0-1: Hit by Pitch
|
|
Batting: LHB Forrest Wall
|
0-0: Ball 1-0: Called Strike Jesús Martínez steals 2nd base 1-1: Ball 2-1: Ball 3-1: Ground out 2-3 (Groundball, 15S, EV 70.6 MPH) Jesús Martínez to third
|
|
Batting: RHB Dave García
|
0-0: SINGLE (Line Drive, 7S, EV 100.6 MPH) Jesús Martínez scores
|
|
Batting: RHB Joe Washington
|
0-0: Ball Dave García steals 2nd base 1-0: Called Strike 1-1: Foul Ball, location: 2F 1-2: Strikes out swinging
|
|
Batting: RHB Jorge Palmeiro
|
0-0: Ball 1-0: Foul Ball, location: 2F 1-1: Ball 2-1: DOUBLE (Line Drive, 89XD, EV 106.3 MPH) Dave García scores
|
|
Batting: SHB Ismaldo Rodriguez
|
0-0: Foul Ball, location: 2F 0-1: Ball 1-1: Ball 2-1: Ball 3-1: Base on Balls
|
|
Batting: SHB Leonel Bejaran
|
0-0: Ball 1-0: DOUBLE (Groundball, 5L, EV 100.6 MPH) Jorge Palmeiro scores Ismaldo Rodriguez to third
|
|
Pinch Runner at 2nd Hervé Masson:
|
|
|
Batting: RHB Camil Groza
|
0-0: Foul Ball, location: 9LMF 0-1: Ball 1-1: Fly out, F8 (Flyball, 8LD, EV 78.1 MPH)
|
| Bottom of the 1st over - 3 runs, 3 hits, 0 errors, 2 left on base; Minnesota 1 - Kansas City 3 |
| TOP OF THE 2ND |
|
Minnesota Twins batting - Pitching for Kansas City Royals : RHP Kevin Martin
|
|
Now at 1B: Hervé Masson
|
|
|
Now at 2B: Forrest Wall
|
|
|
Batting: LHB Tulio Garcia
|
0-0: Ball 1-0: Ball 2-0: Fly out, F6 (Popup, 6MD, EV 71.3 MPH)
|
|
Batting: RHB Alex Martin
|
0-0: Ball 1-0: Ground out 6-3 (Groundball, 6, EV 91.3 MPH)
|
|
Batting: RHB Lúcio Aguilar
|
0-0: Ball 1-0: DOUBLE (Line Drive, 7LM, EV 104.4 MPH)
|
|
Batting: RHB Jose A. Martinez
|
0-0: Called Strike 0-1: Ball 1-1: Ball 2-1: Ball 3-1: SINGLE (Groundball, 34S, EV 63.1 MPH) (infield hit) Lúcio Aguilar to third
|
|
Batting: LHB Magneuris Sierra
|
0-0: Ball Wild Pitch! Lúcio Aguilar scores Jose A. Martinez to second 1-0: Foul Ball, location: 5F 1-1: Ball 2-1: Ground out U3 (Groundball, 3S, EV 62.5 MPH)
|
| Top of the 2nd over - 1 run, 2 hits, 0 errors, 1 left on base; Minnesota 2 - Kansas City 3 |
| BOTTOM OF THE 2ND |
|
Kansas City Royals batting - Pitching for Minnesota Twins : RHP Rob Williams
|
|
Batting: LHB Wilfi Payan
|
0-0: Called Strike 0-1: Foul Ball, location: 2RF 0-2: Fly out, F5 (Popup, 5, EV 76.3 MPH)
|
|
Batting: RHB Jesús Martínez
|
0-0: Ball 1-0: Fly out, F3 (Popup, 34S, EV 68.8 MPH)
|
|
Batting: LHB Forrest Wall
|
0-0: Ball 1-0: Called Strike 1-1: Foul Ball, location: 3DF 1-2: Ball 2-2: Ball 3-2: Foul Ball, location: 2F 3-2: Foul Ball, location: 5SF 3-2: Fly out, F4 (Popup, 34, EV 52.5 MPH)
|
| Bottom of the 2nd over - 0 runs, 0 hits, 0 errors, 0 left on base; Minnesota 2 - Kansas City 3 |
| TOP OF THE 3RD |
|
Minnesota Twins batting - Pitching for Kansas City Royals : RHP Kevin Martin
|
|
Batting: LHB Andy Townsend
|
0-0: Swinging Strike 0-1: Foul Ball, location: 7LMF 0-2: Strikes out swinging
|
|
Batting: LHB Raúl Fernández
|
0-0: Fly out, F7 (Line Drive, 7, EV 96.3 MPH)
|
|
Batting: RHB Gabriel Corporan
|
0-0: SINGLE (Groundball, 34D, EV 105.6 MPH)
|
|
Batting: RHB Artie Cochran
|
0-0: Fielders Choice at 2nd, 6-4 (Groundball, 6D, EV 95.6 MPH)
|
| Top of the 3rd over - 0 runs, 1 hit, 0 errors, 1 left on base; Minnesota 2 - Kansas City 3 |
| BOTTOM OF THE 3RD |
|
Kansas City Royals batting - Pitching for Minnesota Twins : RHP Rob Williams
|
|
Batting: RHB Dave García
|
0-0: Swinging Strike 0-1: Ground out 5-3 (Groundball, 56, EV 81.3 MPH)
|
|
Batting: RHB Joe Washington
|
0-0: Called Strike 0-1: Swinging Strike 0-2: Ball 1-2: Fly out, F6 (Popup, 6, EV 61.9 MPH)
|
|
Batting: RHB Jorge Palmeiro
|
0-0: Called Strike 0-1: Ball 1-1: Ball 2-1: Ball 3-1: Fly out, F1 (Line Drive, P, EV 68.8 MPH)
|
| Bottom of the 3rd over - 0 runs, 0 hits, 0 errors, 0 left on base; Minnesota 2 - Kansas City 3 |
| TOP OF THE 4TH |
|
Minnesota Twins batting - Pitching for Kansas City Royals : RHP Kevin Martin
|
|
Batting: LHB Tulio Garcia
|
0-0: Called Strike 0-1: Called Strike 0-2: Ball 1-2: Ball 2-2: Strikes out swinging
|
|
Batting: RHB Alex Martin
|
0-0: Swinging Strike 0-1: Swinging Strike 0-2: Strikes out swinging
|
|
Batting: RHB Lúcio Aguilar
|
0-0: Called Strike 0-1: Ball 1-1: Ball 2-1: Called Strike 2-2: DOUBLE (Line Drive, 9LM, EV 99.4 MPH)
|
|
Batting: RHB Jose A. Martinez
|
0-0: Ball 1-0: Fly out, F8 (Flyball, 8LM, EV 87.5 MPH)
|
| Top of the 4th over - 0 runs, 1 hit, 0 errors, 1 left on base; Minnesota 2 - Kansas City 3 |
| BOTTOM OF THE 4TH |
|
Kansas City Royals batting - Pitching for Minnesota Twins : RHP Rob Williams
|
|
Batting: SHB Ismaldo Rodriguez
|
0-0: Fly out, F3 (Line Drive, 34, EV 101.9 MPH)
|
|
Batting: LHB Hervé Masson
|
0-0: Called Strike 0-1: Foul Ball, location: 2F 0-2: Foul Ball, location: 2F 0-2: Ball 1-2: Fly out, F6 (Line Drive, 6M, EV 61.3 MPH)
|
|
Batting: RHB Camil Groza
|
0-0: Called Strike 0-1: Ball 1-1: Foul Ball, location: 2F 1-2: Ground out 6-3 (Groundball, 6, EV 86.3 MPH)
|
| Bottom of the 4th over - 0 runs, 0 hits, 0 errors, 0 left on base; Minnesota 2 - Kansas City 3 |
| TOP OF THE 5TH |
|
Minnesota Twins batting - Pitching for Kansas City Royals : RHP Kevin Martin
|
|
Batting: LHB Magneuris Sierra
|
0-0: Ball 1-0: Foul Ball, location: 7LSF 1-1: Swinging Strike 1-2: Strikes out swinging
|
|
Batting: LHB Andy Townsend
|
0-0: Called Strike 0-1: Ground out 6-3 (Groundball, 6, EV 98.8 MPH)
|
|
Batting: LHB Raúl Fernández
|
0-0: Foul Ball, location: 7LDF 0-1: Fly out, F8 (Flyball, 8RD, EV 85.6 MPH)
|
| Top of the 5th over - 0 runs, 0 hits, 0 errors, 0 left on base; Minnesota 2 - Kansas City 3 |
| BOTTOM OF THE 5TH |
|
Kansas City Royals batting - Pitching for Minnesota Twins : RHP Rob Williams
|
|
Batting: LHB Wilfi Payan
|
0-0: Fly out, F8 (Line Drive, 8RM, EV 89.4 MPH)
|
|
Batting: RHB Jesús Martínez
|
0-0: Called Strike 0-1: Foul Ball, location: 9LMF 0-2: Fly out, F9 (Flyball, 9, EV 78.8 MPH)
|
|
Batting: LHB Forrest Wall
|
0-0: Fly out, F8 (Flyball, 8RD, EV 87.5 MPH)
|
| Bottom of the 5th over - 0 runs, 0 hits, 0 errors, 0 left on base; Minnesota 2 - Kansas City 3 |
| TOP OF THE 6TH |
|
Minnesota Twins batting - Pitching for Kansas City Royals : RHP Kevin Martin
|
|
Batting: RHB Gabriel Corporan
|
0-0: Ball 1-0: Ground out 4-3 (Groundball, 4S, EV 86.3 MPH)
|
|
Batting: RHB Artie Cochran
|
0-0: Swinging Strike 0-1: Fly out, F7 (Line Drive, 7, EV 110.0 MPH)
|
|
Batting: LHB Tulio Garcia
|
0-0: Ground out 1-3 (Groundball, 23, EV 67.5 MPH)
|
| Top of the 6th over - 0 runs, 0 hits, 0 errors, 0 left on base; Minnesota 2 - Kansas City 3 |
| BOTTOM OF THE 6TH |
|
Kansas City Royals batting - Pitching for Minnesota Twins : RHP Rob Williams
|
|
Batting: RHB Dave García
|
0-0: Swinging Strike 0-1: Ball 1-1: SINGLE (Groundball, 13S, EV 75.6 MPH) (infield hit)
|
|
Batting: RHB Joe Washington
|
0-0: Fly out, F7 (Flyball, 78M, EV 87.5 MPH)
|
|
Batting: RHB Jorge Palmeiro
|
0-0: Ball 1-0: Called Strike 1-1: Foul Ball, location: 25F 1-2: Ball 2-2: Strikes out swinging
|
|
Pitching: RHP Julián López
|
|
|
Batting: SHB Ismaldo Rodriguez
|
0-0: Ball 1-0: Ball 2-0: Called Strike 2-1: Fly out, F7 (Flyball, 78S, EV 75.6 MPH)
|
| Bottom of the 6th over - 0 runs, 1 hit, 0 errors, 1 left on base; Minnesota 2 - Kansas City 3 |
| TOP OF THE 7TH |
|
Minnesota Twins batting - Pitching for Kansas City Royals : RHP Kevin Martin
|
|
Batting: RHB Alex Martin
|
0-0: Foul Ball, location: 25F 0-1: Ball 1-1: Called Strike 1-2: Strikes out looking
|
|
Batting: RHB Lúcio Aguilar
|
0-0: SINGLE (Line Drive, 7S, EV 106.9 MPH)
|
|
Pinch Hitting: SHB Stan Jordan
|
0-0: Called Strike 0-1: Ball 1-1: Swinging Strike 1-2: Strikes out swinging
|
|
Batting: LHB Magneuris Sierra
|
0-0: Called Strike 0-1: SINGLE (Groundball, 34S, EV 64.4 MPH) (infield hit) Lúcio Aguilar to second
|
|
Pitching: RHP Esteban Muñóz
|
|
|
Batting: LHB Andy Townsend
|
0-0: Ball 1-0: Ball 2-0: Ball 3-0: Called Strike 3-1: DOUBLE (Groundball, 3L, EV 101.3 MPH) Lúcio Aguilar scores Magneuris Sierra to third Runner from 3rd tries for Home, SAFE, no throw by RF
|
|
Batting: LHB Raúl Fernández
|
0-0: Intentional Walk
|
|
Batting: RHB Gabriel Corporan
|
0-0: Foul Ball, location: 2F 0-1: SINGLE (Line Drive, 8RS, EV 108.1 MPH) Andy Townsend to third Raúl Fernández to second Runner from 3rd tries for Home, SAFE, throw by CF to home
|
|
Batting: RHB Artie Cochran
|
0-0: Called Strike 0-1: Foul Ball, location: 3SF 0-2: Foul Ball, location: 5FF 0-2: Foul Ball, location: 3SF 0-2: Ball 1-2: Ground out 6-3 (Groundball, 56D, EV 95.6 MPH)
|
| Top of the 7th over - 3 runs, 4 hits, 0 errors, 2 left on base; Minnesota 5 - Kansas City 3 |
| BOTTOM OF THE 7TH |
|
Kansas City Royals batting - Pitching for Minnesota Twins : RHP Julián López
|
|
Pitching: LHP Luis Romano
|
|
|
Now at SS: Greg Watts
|
|
|
Batting: LHB Hervé Masson
|
0-0: Ball 1-0: Ball 2-0: Called Strike 2-1: Called Strike 2-2: Ground out U3 (Groundball, 3L, EV 88.8 MPH)
|
|
Batting: RHB Camil Groza
|
0-0: Fly out, F9 (Flyball, 9LSF, EV 86.9 MPH)
|
|
Batting: LHB Wilfi Payan
|
0-0: Called Strike 0-1: Ball 1-1: Swinging Strike 1-2: Strikes out looking
|
| Bottom of the 7th over - 0 runs, 0 hits, 0 errors, 0 left on base; Minnesota 5 - Kansas City 3 |
| TOP OF THE 8TH |
|
Minnesota Twins batting - Pitching for Kansas City Royals : RHP Esteban Muñóz
|
|
Batting: LHB Tulio Garcia
|
0-0: Fly out, F4 (Line Drive, 34, EV 65.0 MPH)
|
|
Batting: RHB Alex Martin
|
0-0: Ball 1-0: Ball 2-0: Foul Ball, location: 9LDF 2-1: SINGLE (Groundball, 6MD, EV 96.9 MPH)
|
|
Batting: RHB Lúcio Aguilar
|
0-0: Called Strike 0-1: Foul Ball, location: 2F 0-2: Fly out, F8 (Line Drive, 8LS, EV 75.0 MPH)
|
|
Batting: RHB Greg Watts
|
0-0: Ball 1-0: Foul Ball, location: 5F 1-1: Fly out, F6 (Popup, 6M, EV 65.6 MPH)
|
| Top of the 8th over - 0 runs, 1 hit, 0 errors, 1 left on base; Minnesota 5 - Kansas City 3 |
| BOTTOM OF THE 8TH |
|
Kansas City Royals batting - Pitching for Minnesota Twins : LHP Luis Romano
|
|
Pitching: RHP Pat Calhoun
|
|
|
Batting: RHB Jesús Martínez
|
0-0: Swinging Strike 0-1: Swinging Strike 0-2: Foul Ball, location: 9LSF 0-2: Strikes out looking
|
|
Batting: LHB Forrest Wall
|
0-0: Ball 1-0: Foul Ball, location: 2F 1-1: Foul Ball, location: 9LMFF 1-2: Ground out 6-3 (Groundball, 6M, EV 108.8 MPH)
|
|
Batting: RHB Dave García
|
0-0: Ball 1-0: Ball 2-0: Called Strike 2-1: Called Strike 2-2: SINGLE (Groundball, 3D, EV 99.4 MPH)
|
|
Batting: RHB Joe Washington
|
0-0: Ball 1-0: Fly out, F9 (Flyball, 9D, EV 102.5 MPH)
|
| Bottom of the 8th over - 0 runs, 1 hit, 0 errors, 1 left on base; Minnesota 5 - Kansas City 3 |
| TOP OF THE 9TH |
|
Minnesota Twins batting - Pitching for Kansas City Royals : RHP Esteban Muñóz
|
|
Batting: LHB Magneuris Sierra
|
0-0: Ground out U3 (Groundball, 3S, EV 78.8 MPH)
|
|
Batting: LHB Andy Townsend
|
0-0: DOUBLE (Flyball, 78XD, EV 98.8 MPH)
|
|
Batting: LHB Raúl Fernández
|
0-0: Intentional Walk
|
|
Batting: RHB Gabriel Corporan
|
0-0: Called Strike 0-1: Ball 1-1: Fielders Choice at 2nd, 4-6 (Groundball, 4M, EV 84.4 MPH) Andy Townsend to third
|
|
Batting: RHB Artie Cochran
|
0-0: Called Strike 0-1: Called Strike 0-2: 3-RUN HOME RUN (Flyball, 89XD, EV 105.6 MPH), Distance : 392 ft
|
|
Pitching: RHP Carlos Long
|
|
|
Batting: LHB Tulio Garcia
|
0-0: Ball 1-0: Ball 2-0: Ball 3-0: Base on Balls
|
|
Batting: RHB Alex Martin
|
0-0: Foul Ball, location: 5SF 0-1: Called Strike 0-2: Ball 1-2: Foul Ball, location: 3SF 1-2: Ground out 5-3 (Groundball, 56, EV 103.8 MPH)
|
| Top of the 9th over - 3 runs, 2 hits, 0 errors, 1 left on base; Minnesota 8 - Kansas City 3 |
| BOTTOM OF THE 9TH |
|
Kansas City Royals batting - Pitching for Minnesota Twins : RHP Pat Calhoun
|
|
Batting: RHB Jorge Palmeiro
|
0-0: Ball 1-0: Called Strike 1-1: Fly out, F3 (Popup, 34, EV 57.5 MPH)
|
|
Batting: SHB Ismaldo Rodriguez
|
0-0: Fly out, F8 (Flyball, 8LD, EV 96.3 MPH)
|
|
Batting: LHB Hervé Masson
|
0-0: Ground out U3 (Groundball, 3, EV 88.1 MPH)
|
| Bottom of the 9th over - 0 runs, 0 hits, 0 errors, 0 left on base; Minnesota 8 - Kansas City 3 |
|